AoeStats
← redoubz

Arena

509556711Analyzed
4v4 RM · 6d ago on Sep 27, 2026· 51m 35s· 8 players
Game mode
Random Map
Map size
Large (8 player)
Population
200
Speed
Normal
Resources
Standard
Victory
Conquest
Starting age
Dark Age
Ending age
Imperial Age
RankedLock teamsTeams togetherTeam positionsShared explorationLock speedFull tech treeHidden civsTurbo modeCheats
Victory
Defeat
🇳🇿 Persians · New Zealand
980
+12
🇳🇿 Burmese · New Zealand
976
+12
🇳🇿 Varangians · New Zealand
967
+12
🇳🇿 Romans · New Zealand
946
+13
🇫🇷 Bengalis · France
963
-16
🇨🇦 Danes · Canada
890
-12
🇲🇽 Khmer · Mexico
846
-11
🇩🇪 Maya · Germany
831
-10
L0rd Str1d3r
0:29 Loom
11:38 Feudal Age
16:28 Castle Age
16:43 Double-Bit Axe
16:40 Horse Collar
22:18 Bow Saw
redoubz
5:29 Loom
10:26 Feudal Age
10:50 Horse Collar
10:57 Double-Bit Axe
10:36 Man-at-Arms
14:45 Wheelbarrow
15:49 Gold Mining
15:51 Stone Mining
19:38 Castle Age
18:07 Fletching
18:17 Padded Archer Armor
19:07 Town Watch
19:31 Stone Mining
20:23 Forging
20:13 Scale Mail Armor
19:43 Elite Skirmisher
21:58 Bow Saw
21:37 Man-at-Arms
22:41 Bodkin Arrow
38:27 Imperial Age
36:19 Hand Cart
36:05 Town Patrol
36:50 Chain Mail Armor
36:05 Elite Skirmisher
39:14 Iron Casting
38:53 Squires
38:39 Arson
38:41 Gambesons
39:16 Leather Archer Armor
39:26 Ballistics
40:15 Thumb Ring
39:40 Cranequins
41:33 Elite Jomsviking
42:33 Northmen's Fury
44:29 Onager
alabataille
10:47 Feudal Age
11:50 Double-Bit Axe
16:59 Castle Age
14:58 Horse Collar
17:58 Bow Saw
20:00 Wheelbarrow
19:56 Heavy Plow
21:16 Hand Cart
22:55 Fervor
23:09 Sanctity
27:50 Redemption
32:41 Imperial Age
30:08 Fletching
30:22 Padded Archer Armor
30:49 Ballistics
30:40 Paiks
32:10 Bodkin Arrow
33:06 Elite Ratha (Ranged)
34:53 Chemistry
35:50 Bracer
38:23 Masonry
41:49 Leather Archer Armor
42:52 Conscription
45:48 Ring Archer Armor
45:23 Scale Barding Armor
45:29 Forging
46:41 Two-Man Saw
46:13 Crop Rotation
46:58 Bloodlines
46:49 Husbandry
46:14 Elite Battle Elephant
47:37 Chain Barding Armor
MMOREE
1:16 Loom
12:23 Feudal Age
14:23 Wheelbarrow
13:35 Horse Collar
13:42 Double-Bit Axe
14:11 Town Watch
19:31 Castle Age
19:52 Gold Mining
19:58 Arson
21:22 Bow Saw
21:28 Heavy Plow
23:18 Stone Mining
23:56 Squires
32:03 Pikeman
33:40 Hand Cart
35:26 Forging
35:17 Scale Mail Armor
38:48 Imperial Age
38:29 Iron Casting
38:10 Chain Mail Armor
39:00 Halberdier
40:46 Blast Furnace
40:04 Town Patrol
40:39 Plate Mail Armor
41:26 Conscription
40:33 Elite Plumed Archer
45:17 Fletching
45:27 Padded Archer Armor
45:41 Fortified Wall
46:32 Chemistry
45:52 Ballistics
45:28 Murder Holes
46:51 Man-at-Arms
ParadoxPhantom
11:24 Feudal Age
12:30 Feudal Age
16:34 Castle Age
16:13 Double-Bit Axe
16:11 Horse Collar
22:43 Wheelbarrow
24:36 Fortified Wall
25:12 Fortified Wall
26:15 Town Watch
27:28 Forging
27:23 Scale Barding Armor
27:38 Light Cavalry
29:15 Chain Barding Armor
30:05 Bloodlines
30:46 Iron Casting
33:22 Imperial Age
31:52 Husbandry
33:46 Hussar
35:11 Plate Barding Armor
36:41 Blast Furnace
42:39 Elite Skirmisher
46:26 Bow Saw
46:58 Caravan
47:05 Fletching
47:15 Padded Archer Armor
48:55 Bodkin Arrow
49:11 Bodkin Arrow
49:56 Bracer
52:18 Leather Archer Armor
VintageMoss464
12:20 Feudal Age
18:00 Castle Age
18:22 Wheelbarrow
18:49 Horse Collar
22:45 Heavy Plow
28:12 Bloodlines
29:02 Husbandry
31:29 Hand Cart
31:00 Loom
31:19 Light Cavalry
32:20 Gold Mining
32:21 Stone Mining
36:50 Imperial Age
34:31 Manipur Cavalry
35:11 Forging
35:08 Scale Barding Armor
34:54 Fletching
37:08 Heavy Scorpion
38:01 Howdah
38:27 Chain Barding Armor
44:57 Plate Barding Armor
44:58 Iron Casting
44:18 Bodkin Arrow
44:32 Elite Battle Elephant
46:14 Gold Shaft Mining
46:26 Caravan
52:25 Chemistry
51:46 Ballistics
PhoenixRising
10:16 Feudal Age
13:47 Castle Age
12:01 Double-Bit Axe
17:22 Horse Collar
20:51 Forging
21:02 Loom
23:58 Scale Barding Armor
25:26 Iron Casting
26:20 Chain Barding Armor
26:28 Bloodlines
30:30 Fletching
30:40 Padded Archer Armor
30:55 Stone Mining
30:56 Gold Mining
31:07 Heavy Plow
31:19 Bow Saw
35:09 Imperial Age
33:16 Wheelbarrow
34:01 Parthian Tactics
33:43 Thumb Ring
33:35 Bodkin Arrow
33:56 Leather Archer Armor
34:01 Caravan
35:19 Ballistics
36:24 Plate Barding Armor
36:21 Ring Archer Armor
36:52 Blast Furnace
37:26 Hand Cart
36:56 Town Watch
37:42 Crop Rotation
37:22 Cavalier
38:03 Husbandry
39:21 Two-Man Saw
38:59 Stone Shaft Mining
38:51 Savar
41:46 Chemistry
40:59 Masonry
46:52 Heavy Cavalry Archer
TheMonkeyMan
10:34 Feudal Age
15:00 Castle Age
21:18 Loom
21:41 Horse Collar
21:59 Double-Bit Axe
25:10 Heavy Plow
25:29 Bow Saw
29:54 Wheelbarrow
29:06 Town Watch
32:52 Imperial Age
30:23 Town Patrol
31:18 Forging
31:09 Scale Mail Armor
33:11 Iron Casting
33:02 Heavy Scorpion
34:09 Capped Ram
35:52 Chain Mail Armor
36:37 Blast Furnace
35:18 Siege Ram
37:12 Ballistas
37:32 Conscription
37:37 Comitatenses
36:41 Man-at-Arms
37:31 Squires
37:22 Long Swordsman
38:05 Legionary
46:20 Hand Cart
Connection lost

Rejoining the realm…

Still unreachable

The connection could not be restored.

Session expired

The server has moved on; the page needs a fresh start.